 Dungeon Crawl Stone Soup version 0.22-a0-322-g60b3cfd (webtiles) character file.

1036 grindst0ne the Covert (level 8, -6/50 HPs)
             Began as an Octopode Assassin on Apr 4, 2018.
             Was an Initiate of Okawaru.
             Mangled by an ogre
             ... wielding a +0 giant spiked club
              (30 damage)
             ... on level 5 of the Dungeon.
             The game lasted 00:10:45 (5765 turns).

grindst0ne the Covert (Octopode Assassin)           Turns: 5765, Time: 00:10:46

Health: -6/50      AC:  1    Str: 12      XL:     8   Next: 24%
Magic:  8/8        EV: 12    Int: 14      God:    Okawaru [......]
Gold:   241        SH:  0    Dex: 12 (13) Spells: 7/7 levels left

rFire    . . .     SeeInvis .   b - +0 blowgun
rCold    . . .     Gourm    .   (no shield)
rNeg     . . .     Faith    .   (helmet restricted)
rPois    .         Spirit   .   (no amulet)
rElec    .         Reflect  .   (no ring)
rCorr    .         Harm     .   (no ring)
MR       .....                  (no ring)
Stlth    ++++++....             (no ring)
HPRegen  0.16/turn              (no ring)
MPRegen  0.11/turn              (no ring)
                                (no ring)
                                (no ring)

@: no status effects
A: almost no armour, stealthy swim, amphibious, 8 rings, constrict 8, camouflage
1, gelatinous body 1
a: Renounce Religion


You were on level 5 of the Dungeon.
You worshipped Okawaru.
Okawaru was noncommittal.
You were near starving.

You visited 1 branch of the dungeon, and saw 5 of its levels.

You collected 241 gold pieces.

Inventory:

Hand Weapons
 a - a +2 dagger
 b - a +0 blowgun (weapon)
 w - a +0 rapier
Missiles
 c - 24 poisoned needles (quivered)
 d - 2 curare-tipped needles
 q - 7 tomahawks
Scrolls
 g - a scroll of fear {unknown}
 h - a scroll of enchant weapon {unknown}
 j - 5 scrolls of identify {unknown}
 l - a scroll of enchant armour {unknown}
 u - a scroll of remove curse {unknown}
 v - 3 scrolls of teleportation {unknown}
 x - a scroll of magic mapping {unknown}
Potions
 e - 2 potions of flight
 m - a potion of magic
 o - a potion of degeneration
 s - 3 potions of curing {unknown}
 t - a potion of mutation {unknown}
Comestibles
 f - 10 rations


   Skills:
 - Level 2.0 Fighting
 - Level 2.0 Short Blades
 - Level 2.0 Throwing
 - Level 1.0 Dodging
 + Level 13.6 Stealth


You had 7 spell levels left.
You didn't know any spells.

Dungeon Overview and Level Annotations

Branches:
Dungeon (5/15)
 Temple: D:4-7

Altars:
Gozag
Okawaru

Annotations:
D:3 exclusion: 2 downstairs


Innate Abilities, Weirdness & Mutations

You cannot wear most types of armour.
You are very stealthy in the water. (Stealth+)
You are amphibious.
You can wear up to eight rings at the same time.
You can use your tentacles to constrict eight enemies at once.
Your skin changes colour to match your surroundings (Stealth+).
Your rubbery body absorbs attacks. (AC +1, EV +1)


Message History

Press: ? - help, Shift-Dir - straight line, f/p - ogre
Aim: an ogre, wielding a giant spiked club (severely wounded)
You shoot a poisoned needle. The poisoned needle hits the ogre.
The ogre is poisoned.
The ogre is severely wounded.
The ogre hits you with a giant spiked club!!
Ouch! That really hurt!
The ogre looks more healthy.
You see here a poisoned needle.
You see here 15 arrows.
You see here a poisoned needle.
Firing (i - inventory. (/) - cycle)
c - 25 poisoned needles (quivered)
Press: ? - help, Shift-Dir - straight line, f/p - ogre
Aim: an ogre, wielding a giant spiked club (severely wounded)
You shoot a poisoned needle. The poisoned needle hits the ogre.
The ogre is poisoned.
The ogre is severely wounded.
The ogre hits you with a giant spiked club!!
Ouch! That really hurt!
You die...

#.# ... #.# #.### #.# #.#..
######.# #.#.# ...##.#
#.#.# ########.##.#
#.#.#####.#
..........#.#####.........#
########....(O@.(..<#######
#.########.### #(# #.# #.#
#.# ##.## #.# #...#######.#
#...(..(....# #.(.#########
#####


You could see an ogre.

Vanquished Creatures
  Pikel (D:4)
  A scorpion (D:4)
  A howler monkey (D:4)
  A crimson imp (D:4)
  An orc priest (D:4)
  A hound (D:4)
  2 orc wizards (D:4)
  Terence (D:3)
  4 worker ants (D:4)
  Robin (D:2)
  4 gnolls (D:4)
  6 adders
  An ooze (D:2)
  3 worms (D:3)
  A dart slug (D:2)
  3 leopard geckos
  14 orcs
  6 bats
  4 giant cockroaches
  10 goblins
  6 hobgoblins
  8 jackals
  3 quokkas
  4 ball pythons
  7 frilled lizards
  5 kobolds
  A leopard gecko skeleton (D:3)
  5 rats
105 creatures vanquished.

Vanquished Creatures (others)
  2 slaves (D:4)
  An ogre (D:4)
  An orc priest (D:4)
  A worker ant (D:4)
  2 orcs (D:4)
  A giant cockroach (D:4)
8 creatures vanquished.

Grand Total: 113 creatures vanquished

Notes
Turn   | Place    | Note
-------+----------+-------------------------------------------
     0 | D:1      | grindst0ne the Octopode Assassin began the quest for the Orb.
     0 | D:1      | Reached XP level 1. HP: 14/14 MP: 1/1
   103 | D:1      | Reached skill level 6 in Stealth
   103 | D:1      | Reached XP level 2. HP: 8/19 MP: 2/2
   937 | D:2      | Reached XP level 3. HP: 7/24 MP: 3/3
  1340 | D:2      | Reached skill level 7 in Stealth
  1961 | D:2      | Noticed Robin
  1971 | D:2      | Reached XP level 4. HP: 22/29 MP: 4/4
  2000 | D:2      | Killed Robin
  2274 | D:2      | Reached skill level 8 in Stealth
  2613 | D:3      | Noticed Terence
  2686 | D:3      | Killed Terence
  2686 | D:3      | Reached XP level 5. HP: 8/34 MP: 5/5
  3014 | D:3      | Found an opulent altar of Gozag.
  3160 | D:3      | Reached skill level 9 in Stealth
  3907 | D:4      | Noticed an ogre
  3936 | D:4      | Reached XP level 6. HP: 39/39 MP: 6/6
  4140 | D:4      | Reached skill level 10 in Stealth
  4854 | D:4      | Reached skill level 11 in Stealth
  4860 | D:4      | Noticed Pikel
  4862 | D:4      | Noticed a slave
  4862 | D:4      | Noticed a slave
  4862 | D:4      | Noticed a slave
  4864 | D:4      | Noticed a slave
  4881 | D:4      | Killed Pikel
  4881 | D:4      | Reached skill level 13 in Stealth
  4881 | D:4      | Reached XP level 7. HP: 26/45 MP: 7/7
  4881 | D:4      | Reached XP level 8. HP: 29/50 MP: 8/8
  5159 | D:4      | Found an iron altar of Okawaru.
  5173 | D:4      | Became a worshipper of Warmaster Okawaru
  5677 | D:5      | Entered Level 5 of the Dungeon
  5765 | D:5      | Mangled by an ogre

Vault maps used:
D:1:      dpeg_arrival_erosion
D:2:      uniq_robin
D:3:      lemuel_round_altar, uniq_terence
D:4:      lemuel_coloured_pillars_altar, first_ration, grunt_ministairs_5,
          uniq_pikel
D:5:      temple_statues

Skill      XL: |  1  2  3  4  5  6 |
---------------+-------------------+-----
Stealth        | 6 7 8 9 13 | 13.6
Fighting       | |  2.0
Short Blades   | |  2.0
Throwing       | |  2.0
Dodging        | |  1.0

Action                   |  1- 3 |  4- 6 |  7- 9 || total
-------------------------+-------+-------+-------++-------
Melee: Dagger            |    65 |   126 |    15 ||   206
       Constrict         |    14 |    26 |     3 ||    43
       Tentacles         |     7 |    22 |     4 ||    33
 Fire: Blowgun           |       |    26 |    26 ||    52
Throw: Throwing net      |       |     1 |       ||     1
       Tomahawk          |       |     2 |       ||     2
  Use: Potion            |       |     9 |       ||     9
 Stab: Sleeping          |    12 |    19 |     2 ||    33
       Distracted        |       |     1 |       ||     1
  Eat: Chunk             |     3 |     9 |     1 ||    13
Armor: Skin              |    12 |     9 |     1 ||    22
Dodge: Dodged            |    41 |    74 |     9 ||   124

Table legend:
 A = Spawn XP
 B = Non-spawn XP
 C = Spawn XP percentage of total XP
 D = Spawn monster count
 E = Non-spawn monster count
 F = Spawn count percentage of total count
 G = Total turns spent on level
                    A         B        C        D         E        F      G
               +---------+---------+-------+---------+---------+-------+---------
         Total |       0 |    1480 |   0.0 |       0 |     105 |   0.0 |  5765
               +---------+---------+-------+---------+---------+-------+---------
           D:1 |       0 |      31 |   0.0 |       0 |      20 |   0.0 |   929
           D:2 |       0 |     102 |   0.0 |       0 |      25 |   0.0 |  1510
           D:3 |       0 |     100 |   0.0 |       0 |      20 |   0.0 |  1244
           D:4 |       0 |    1247 |   0.0 |       0 |      40 |   0.0 |  1994
               +---------+---------+-------+---------+---------+-------+---------
